Map: New Repugnancy LE

Players

Friend

  • Race: Zerg Zerg
  • Spawn Location: 7:00

SouLeer - Winner!

  • Race: Zerg Zerg
  • Spawn Location: 1:00

Event: 2019 WCS Spring

VOD

Have the link to the VOD?

Description

Time

  • Played on: May 17, 2019, 8:37 a.m.
  • Length: 6:42

All games in this series

Show
View Real Time Build Order
Export as new Build Order

Friend Zerg 

Build Orders: Pool First 

Get SALT Encoding   

  12  0:01  Drone  
  13  0:13  Overlord  
  13  0:17  Drone  
  14  0:31  Drone x2  
  16  0:41  Spawning Pool  
  15  0:45  Drone  
  15  0:48  Drone  
  17  1:09  Hatchery  
  16  1:13  Drone  
  16  1:16  Extractor  
  16  1:28  Zergling x6  
  19  1:36  Queen  
  21  1:42  Overlord  
  21  1:51  Drone  
  22  2:03  Drone  
  23  2:11  Queen  
  25  2:19  Metabolic Boost  
  25  2:21  Drone  
  26  2:23  Queen  
  28  2:32  Drone  
  28  2:33  Drone x2  
  31  2:42  Overlord  
  30  2:51  Zergling x4  
  30  2:52  Zergling x4  
  34  2:59  Zergling x2  
  34  3:03  Baneling Nest  
  34  3:09  Zergling x4  
  36  3:25  Zergling x10  
  41  3:36  Overlord  
  41  3:45  Zergling x4  
  43  3:53  Overlord  
  43  3:58  Baneling x2  
  43  4:01  Zergling x6  
  43  4:10  Drone  
  43  4:11  Drone x4  
  47  4:29  Drone x6  
  51  4:42  Overlord  
  51  4:45  Extractor  
  49  4:46  Baneling  
  49  4:48  Baneling  
  49  4:52  Hatchery  
  48  5:01  Baneling x2  
  48  5:06  Drone  
  48  5:07  Drone x3  
  52  5:08  Roach Warren  
  48  5:16  Zergling x8  
  48  5:25  Baneling  
  48  5:26  Baneling  
  41  5:33  Baneling x2  
  38  5:44  Baneling x3  
  35  5:54  Overlord x2  
  30  5:58  Zergling x14  
  28  6:04  Zergling x6  
  28  6:10  Zergling x2  
  28  6:11  Zergling x2  
  32  6:15  Roach  
Show
View Real Time Build Order
Export as new Build Order

SouLeer Zerg - Winner!

Build Orders: Pool First, Zergling Baneling 

Get SALT Encoding   

  12  0:01  Drone  
  13  0:12  Overlord  
  13  0:17  Drone  
  14  0:30  Drone  
  14  0:31  Drone  
  16  0:41  Spawning Pool  
  15  0:44  Drone  
  15  0:48  Drone  
  17  0:55  Extractor  
  16  1:12  Hatchery  
  15  1:27  Zergling x6  
  18  1:34  Queen  
  20  1:41  Drone  
  21  1:49  Overlord  
  21  1:56  Metabolic Boost  
  21  2:07  Zergling x2  
  22  2:11  Zergling x2  
  23  2:22  Zergling x2  
  24  2:24  Zergling x2  
  24  2:26  Queen  
  27  2:34  Zergling x2  
  28  2:40  Zergling x2  
  28  2:43  Zergling x4  
  31  2:47  Drone x3  
  33  2:55  Baneling Nest  
  32  2:59  Drone  
  32  3:02  Drone  
  34  3:07  Drone  
  35  3:12  Overlord  
  35  3:30  Drone  
  35  3:35  Drone  
  35  3:36  Drone x6  
  42  3:42  Baneling x2  
  42  3:43  Zergling x2  
  42  3:47  Zergling x2  
  43  3:50  Overlord  
  43  3:54  Zergling x2  
  43  4:00  Overlord  
  43  4:04  Baneling x2  
  43  4:06  Baneling  
  43  4:07  Drone  
  43  4:10  Baneling x2  
  43  4:12  Zergling x8  
  47  4:19  Zergling x4  
  47  4:20  Zergling x2  
  47  4:22  Zergling x4  
  51  4:28  Baneling x2  
  51  4:30  Zergling x2  
  51  4:31  Zergling x4  
  53  4:33  Zergling x2  
  54  4:39  Zergling x2  
  54  4:41  Baneling  
  54  4:43  Zergling x2  
  56  4:47  Queen  
  56  4:48  Spine Crawler  
  57  4:54  Overlord  
  57  4:59  Overlord  
  57  5:05  Overlord  
  56  5:15  Zergling x2  
  56  5:16  Zergling x6  
  59  5:21  Zergling x2  
  59  5:24  Zergling x2  
  59  5:25  Baneling  
  59  5:26  Baneling x3  
  50  5:31  Zergling x2  
  50  5:33  Zergling x6  
  50  5:35  Baneling x2  
  54  5:42  Zergling x4  
  54  5:49  Zergling x4  
  47  5:59  Baneling x3  
  47  6:00  Zergling x4  
  44  6:07  Baneling  
  44  6:10  Zergling x4  
  45  6:21  Zergling x4  
Tags
 
Add a new tag
Caveats
  • Supply blocks, unpowered buildings, or Contaminate may cause inaccurate times.
  • Supply counts are checked every 10 seconds.